[Event "*** Titled Tuesday 3|2 Blitz"]
[Site "Chess.com"]
[Date "2017.03.07"]
[Round "3"]
[White "GMHess"]
[Black "PelinGorki"]
[Result "1-0"]
[WhiteElo "2576"]
[BlackElo "2415"]
[TimeControl "180+2"]
[EndTime "13:40:36 PST"]
[Termination "GMHess won by resignation"]

1. b3 e5 2. Bb2 Nc6 3. e3 Nge7 4.
Nf3 e4 5. Ng5 d5 6. Qh5 Ng6 7.
c4 h6 8. Nxf7 Kxf7 9. cxd5 Nb4 10. d6 Qxd6 11. Bc4+ Ke8 12. Nc3 Nd3+ 13. Bxd3 exd3 14.
Nb5 Qb6 15. Nxc7+ Qxc7 16. Qxg6+ Qf7 17. Qxd3 Bd7 18. Qe4+ Qe6 19. Qxe6+ Bxe6 20. e4 Bb4 21. Ke2 Kf7 22. Rac1 Rac8 23. d4 Rhe8 24. Kd3 Bd7 25.
Rxc8 Rxc8 26. Rc1 Bb5+ 27. Ke3 Re8 28. d5 Bd6 29. f4 b6 30. e5 Bc5+ 31. Bd4 Ba3 32. Rc7+ Re7 33. e6+ Kg6 34. Rxe7 Bxe7 35. Be5 Kf5 36. Bxg7 Bc5+ 37. Bd4 Bd6 38. g3 Be8 39. h3 h5 40. Kf3 Bb5 41. g4+ hxg4+ 42. hxg4+ Kg6 43. Be5 Bc5 44. d6 Bc6+ 45. Kg3 Bd5 46.
f5+ Kg5 47. d7 Be7 48. Bc7 Kf6 49. d8=Q 1-0

[Event "*** Titled Tuesday 3|2 Blitz"]
[Site "Chess.com"]
[Date "2017.03.07"]
[Round "3"]
[White "Astaneh"]
[Black "kikydu96"]
[Result "1-0"]
[WhiteElo "2527"]
[BlackElo "2316"]
[TimeControl "180+2"]
[EndTime "13:40:37 PST"]
[Termination "Astaneh won by resignation"]

1. d4 d5 2. c4 c6 3. Nf3 Nf6 4.
Nc3 dxc4 5. a4 Bf5 6. e3 e6 7. Bxc4 Bb4 8. O-O Nbd7 9. Qe2 Bg6 10. Nh4 O-O 11. Nxg6 hxg6 12. Rd1 Qe7 13. e4 c5 14. d5 exd5 15. Nxd5 Nxd5 16. Bxd5 Nf6 17. Bg5 Rfe8 18.
f4 Qc7 19. Qc4 Nxd5 20. Rxd5 Kh7 21. Rc1 Rac8 22. Qd3 f6 23. Bxf6 Qxf4 24. Bg5 Qxe4 25. Qh3+ Kg8 26. Rd7 Qf5 27. Qxf5 gxf5 28. Rxb7 Re2 29.
Rd1 Rxb2 30. Rdd7 Bc3 31. Rxb2 Bxb2 32. Rxa7 c4 33. Kf1 c3 34. Rb7 Ba3 35. Rb3 Bd6 36. Ke2 c2 37. Bc1 Bxh2 38. Kd3 Ra8 39. Rb4 Bd6 40.
Rc4 Kf7 41. Kxc2 Ke6 42. Bb2 Kd5 43. Rd4+ Kc5 44. Rh4 g5 45. Rh5 Bf4 46. g3 Be3 47. Kb3 Rb8+ 48. Kc2 Kb4 49. Kd3 Re8 50. Bf6 f4 51. Bxg5 Rf8 52. Be7+ Kxa4 53. Bxf8 fxg3 54. Kxe3 g2 55. Kf2 1-0

[Event "*** Titled Tuesday 3|2 Blitz"]
[Site "Chess.com"]
[Date "2017.03.07"]
[Round "3"]
[White "Hikaru"]
[Black "A-Fier"]
[Result "1-0"]
[WhiteElo "2904"]
[BlackElo "2520"]
[TimeControl "180+2"]
[EndTime "13:40:47 PST"]
[Termination "Hikaru won by resignation"]

1. e4 Nf6 2. e5 Nd5 3. Nc3 Nb6 4. a4 d6 5. exd6 cxd6 6. a5 N6d7 7.
d4 g6 8. Nf3 Bg7 9. Bc4 O-O 10.
O-O Nc6 11. a6 bxa6 12. Bxa6 Nb6 13. Bxc8 Qxc8 14. Ne2 e5 15. c3 e4 16. Nd2 d5 17.
Nb3 Nd8 18. Nc5 Ne6 19. b3 Nxc5 20. dxc5 Nd7 21. Qxd5 Rd8 22. Be3 Nf6 23. Qc4 Nd5 24. Qxe4 Nxe3 25. Qxe3 Re8 26. Qf3 Qxc5 27. Rad1 a5 28.
Rd7 Qf5 29. Qxf5 gxf5 30. Ng3 Bxc3 31. Nxf5 Ra6 32. Rfd1 Rae6 33. g4 h5 34. g5 Bg7 35.
R1d5 Re5 36. g6 fxg6 37. Nxg7 Re1+ 38. Kg2 R8e7 39. Nxh5 gxh5 40. Rd8+ Kg7 41. Rxh5 R1e5 42. Rh3 Rb5 43. Rg3+ Kf7 44. Rdd3 Rb4 45. Rdf3+ Ke8 46. Rg5 a4 47. bxa4 Rxa4 48. Rg8+ Kd7 49. h3 Rd4 50. Re3 Rf4 51. Rxe7+ Kxe7 52. Rg3 Rh4 53. Rf3 Rh8 54. Kg3 Rg8+ 55. Kh2 Rh8 56. Rf4 Ke6 57. h4 Ke5 58. Kg3 Rg8+ 59. Kf3 Rh8 60. Kg3 Rg8+ 61. Rg4 Rh8 62. Rg6 Kf5 63. Ra6 Rc8 64. h5 Kg5 65. h6 Rh8 66. f4+ Kh5 67. Kf3 Rf8 68. h7 Rh8 69. Ra7 Kg6 70. Kg4 Rf8 71. f5+ Kf6 72. Kh5 Kxf5 73. Ra6 1-0

[Event "*** Titled Tuesday 3|2 Blitz"]
[Site "Chess.com"]
[Date "2017.03.07"]
[Round "3"]
[White "KNVB"]
[Black "AdrianaNikolova"]
[Result "0-1"]
[WhiteElo "2477"]
[BlackElo "2328"]
[TimeControl "180+2"]
[EndTime "13:40:47 PST"]
[Termination "AdrianaNikolova won by resignation"]

1. d4 d5 2. c4 c6 3. Nf3 Nf6 4. e3 Bg4 5. h3 Bxf3 6. Qxf3 e6 7.
Bd3 Nbd7 8. O-O Bd6 9. Nc3 O-O 10. Rd1 Qe7 11. e4 dxc4 12. Bxc4 e5 13. d5 Nb6 14. Bb3 cxd5 15. Nxd5 Nfxd5 16. Bxd5 Bc5 17. Bb3 Bd4 18. Rb1 a5 19. a3 a4 20. Ba2 Rac8 21. Bd2 Rc2 22. Be1 Rfc8 23. g3 Qf6 24. Qxf6 gxf6 25. Kf1 Nc4 26. Bxc4 R8xc4 27. Rd2 Rxd2 28. Bxd2 Rc2 29.
Ke2 Rxb2 30. Rxb2 Bxb2 31. Bb4 Bd4 32. f3 Kg7 33. Kd3 Bf2 34. g4 Kg6 35. Kc4 Kg5 36. Be7 Kf4 37. Bxf6 Bd4 38. Kb5 Kxf3 39. Kxa4 Kxe4 40.
Kb3 Kd3 41. Bh4 e4 42. Kb4 e3 43. Kb5 e2 44. Be1 Bc3 45. Bg3 Be5 46. Be1 Bc3 47. Bg3 e1=Q 48. Bxe1 Bxe1 49. Kb6 Ke4 50. Kxb7 Kf4 51.
Kc6 Kg3 52. Kd5 Kxh3 53. Ke4 Kxg4 0-1

[Event "*** Titled Tuesday 3|2 Blitz"]
[Site "Chess.com"]
[Date "2017.03.07"]
[Round "3"]
[White "spectralsoul"]
[Black "MaestroASK"]
[Result "1-0"]
[WhiteElo "2627"]
[BlackElo "2484"]
[TimeControl "180+2"]
[EndTime "13:40:48 PST"]
[Termination "spectralsoul won by resignation"]

1. Nf3 d6 2. d4 g6 3. e4 Bg7 4. h3 e5 5. c3 Nd7 6. Bc4 f6 7. Qb3 Nh6 8. Be3 Nb6 9. Be2 Qe7 10. a4 Be6 11. d5 Bc8 12. a5 Nd7 13.
Qc4 Nb8 14. Qb5+ Kf8 15. Nbd2 Nf7 16. b4 Bh6 17. O-O Bxe3 18. fxe3 Kg7 19. c4 c6 20. Qa4 c5 21. bxc5 dxc5 22. Rab1 Nd6 23. Qa3 Na6 24.
Ne1 Qc7 25. Nd3 Rf8 26. Rb3 Bd7 27. Rfb1 Rfb8 28. Kh1 b6 29. axb6 axb6 30. Qb2 Nc8 31. Nf3 Kg8 32. Qc3 Rb7 33. Ra3 Rba7 34. Rba1 Nb8 35. Rxa7 Rxa7 36. Rf1 Be8 37. Nfxe5 fxe5 38. Nxe5 Qg7 39. Bg4 Bd7 40. Rf7 Qh6 41. Bxd7 Nxd7 42. Rxd7 Rxd7 43. Nxd7 Qg5 44. e5 Qf5 45. Nf6+ Kg7 46.
Ng4 h5 47. e6+ Kh7 48. Nf6+ Kh6 49. Nd7 Nd6 50. h4 Kh7 51. Kg1 Ne4 52. Qc2 Kh6 53.
Qb2 Kh7 54. Nxb6 Kh6 55. Nd7 Kh7 56. Qc2 Qg4 57. Qxe4 Qd1+ 58. Kh2 1-0

[Event "*** Titled Tuesday 3|2 Blitz"]
[Site "Chess.com"]
[Date "2017.03.07"]
[Round "3"]
[White "oggy1984"]
[Black "NTBT_DHS"]
[Result "0-1"]
[WhiteElo "2350"]
[BlackElo "2569"]
[TimeControl "180+2"]
[EndTime "13:40:49 PST"]
[Termination "NTBT_DHS won by resignation"]

1. e4 g6 2. d4 Bg7 3. Nc3 a6 4. f4 d5 5. e5 Nh6 6. Nf3 Nc6 7. Be3 Bg4 8. Be2 O-O 9. O-O f6 10. h3 Bf5 11. Qd2 Nf7 12. Rad1 e6 13.
a3 Be4 14. exf6 Bxf6 15. Nxe4 dxe4 16. Ne5 Ne7 17. g4 Nd5 18. c4 Bxe5 19. cxd5 Bg7 20. dxe6 Nd6 21. d5 b5 22. Kg2 Rb8 23. b4 Qe7 24. Rc1 Rfd8 25. Rc6 Ne8 26. Rxa6 Ra8 27. Rxa8 Rxa8 28. f5 Rxa3 29. fxg6 hxg6 30. Rf7 Qd6 31. Bc5 Qg3+ 32. Kf1 Ra1+ 33. Bd1 Qxh3+ 34. Kf2 Qh2+ 35.
Ke1 Qg3+ 36. Ke2 Qxg4+ 37. Ke1 Rxd1+ 38. Qxd1 Bc3+ 39. Qd2 Bxd2+ 40. Kxd2 Qg5+ 41. Ke2 Qh5+ 42. Kf1 Qxd5 43. Rf8+ Kh7 44. Rxe8 Qd3+ 45. Kg1 Qg3+ 46. Kh1 Qf3+ 47. Kg1 e3 48. e7 Qg3+ 49. Kh1 Qh3+ 50. Kg1 Qg4+ 51. Kh1 Qe4+ 52. Kg1 e2 53. Bf2 e1=Q+ 54.
Bxe1 Qxe1+ 55. Kh2 Qe3 56. Kg2 g5 57. Kf1 g4 0-1

[Event "*** Titled Tuesday 3|2 Blitz"]
[Site "Chess.com"]
[Date "2017.03.07"]
[Round "3"]
[White "macko06"]
[Black "Alex_Molchanov"]
[Result "0-1"]
[WhiteElo "2323"]
[BlackElo "2476"]
[TimeControl "180+2"]
[EndTime "13:40:50 PST"]
[Termination "Alex_Molchanov won by checkmate"]

1. e4 c6 2. d4 d5 3. e5 Bf5 4.
Nf3 e6 5. Be2 Ne7 6. O-O h6 7.
Nbd2 Nd7 8. Nb3 Bg6 9. a4 Nf5 10. a5 Be7 11. a6 b6 12. c4 O-O 13. Bd2 Rc8 14. Rc1 Nb8 15. h3 dxc4 16. Bxc4 b5 17. Be2 Nxa6 18. Ra1 Qb6 19. g4 Nh4 20. Nxh4 Bxh4 21.
Ba5 Qb8 22. Bf3 c5 23. Bc3 cxd4 24. Bxd4 Nb4 25. Nc5 Rcd8 26. Na6 Qc8 27. Nxb4 Qc4 28. Nc6 Bc2 29. Qd2 Rc8 30. Rac1 Qb3 31. Qc3 Qxc3 32.
bxc3 Ba4 33. Nxa7 Rc7 34. Nc6 Rfc8 35. Nb4 Kf8 36. Rfe1 Be7 37. Rb1 Bg5 38. Rb2 Rc4 39. Be4 Be7 40. Bd3 R4c7 41. f4 Rd8 42. Kf2 Bh4+ 43.
Ke2 Bxe1 44. Kxe1 Rcc8 45. Kd2 Rd7 46. Ke3 Rcd8 47. Bc5+ Kg8 48. Bd6 f6 49. Nc6 Ra8 50.
Be4 Kf7 51. Nd4 Rc8 52. Bc6 Rdd8 53. Nxb5 Rxc6 54. Kd4 Rdc8 55. Rb4 Bxb5 56. Rxb5 Rxc3 57. Rb7+ Kg6 58. h4 R8c4# 0-1

[Event "*** Titled Tuesday 3|2 Blitz"]
[Site "Chess.com"]
[Date "2017.03.07"]
[Round "3"]
[White "alekroth64"]
[Black "Tirantes"]
[Result "1-0"]
[WhiteElo "2257"]
[BlackElo "2190"]
[TimeControl "180+2"]
[EndTime "13:40:52 PST"]
[Termination "alekroth64 won by resignation"]

1. d4 d5 2. c4 e6 3. Nf3 Nf6 4.
Bg5 Be7 5. e3 h6 6. Bxf6 Bxf6 7.
Nc3 O-O 8. Qd2 c6 9. h4 Nd7 10. g4 g6 11. g5 hxg5 12. hxg5 Bg7 13. O-O-O Re8 14. cxd5 exd5 15. Bd3 Nf8 16. Ne5 Rxe5 17. dxe5 Bxe5 18. f4 Bg7 19. Ne2 Bg4 20. Rdg1 Qd7 21. Nd4 c5 22. Be2 Bxe2 23. Nxe2 Re8 24. Rd1 Qe6 25.
Rhe1 d4 26. exd4 cxd4 27. Nxd4 Qc4+ 28. Qc2 Rc8 29. Qxc4 Rxc4+ 30. Nc2 Ne6 31. Rd7 Rxf4 32. Rxb7 a5 33. Rb5 a4 34. Ne3 Rf2 35. Nc4 Bd4 36. Rb8+ Kg7 37. Rb7 Nc5 38. Rc7 Nd3+ 39. Kd1 Nxe1 40. Kxe1 Rg2 41. Nd6 Rf2 42. Rc4 Bxb2 43.
Kxf2 Kf8 44. Ne4 Ke7 45. Ke3 Ke6 46. Rxa4 Bc1+ 47. Kf3 Ke5 48. Ra6 Kf5 49. Rf6+ Ke5 50. Rxf7 Ba3 51. Rf6 Bb4 52. Rxg6 Ba3 53. Rf6 Be7 54.
a4 Bd8 55. Ke3 Ba5 56. Kd3 Kd5 57. g6 Ke5 58. g7 1-0

[Event "*** Titled Tuesday 3|2 Blitz"]
[Site "Chess.com"]
[Date "2017.03.07"]
[Round "3"]
[White "MattyDPerrine"]
[Black "Schemato"]
[Result "1-0"]
[WhiteElo "2197"]
[BlackElo "2284"]
[TimeControl "180+2"]
[EndTime "13:40:54 PST"]
[Termination "MattyDPerrine won by resignation"]

1. d4 e6 2. c4 f5 3. Nc3 Nf6 4.
Qc2 c6 5. Nf3 d5 6. Bg5 Bd6 7.
cxd5 exd5 8. Bxf6 gxf6 9. e3 Be6 10. g3 Nd7 11. Bd3 Qe7 12. Bxf5 Bxf5 13. Qxf5 O-O-O 14. O-O Kb8 15. a3 h5 16. Nh4 Rhg8 17. b4 Rg5 18.
Qf3 Qe6 19. Kg2 a6 20. Rab1 Nb6 21. a4 Nc4 22. Rfd1 Rdg8 23. Ne2 Rg4 24. Nf5 R4g5 25. Nxd6 Nxd6 26. Nf4 Qf7 27. Nd3 Ne4 28. b5 axb5 29.
axb5 Nc3 30. bxc6 Nxb1 31. Rxb1 b6 32. Rxb6+ Kc8 33. Rb7 Qe6 34. Qf4 Qe4+ 35. Qxe4 dxe4 36. Nc5 f5 37. d5 R5g6 38. Ne6 Re8 39. Rc7+ Kb8 40.
Rh7 Rgxe6 41. dxe6 Rxe6 42. Rxh5 Rf6 43. Rg5 Kc7 44.
h4 Kxc6 45. h5 Kd7 46. Kh3 Ke7 47. Kh4 Rf8 48. Rg7+ Kf6 49. Rg6+ Ke5 50. Kg5 Rh8 51. h6 Rh7 52. Rg7 Rh8 53. h7 Ke6 54. Kg6 f4 55.
gxf4 Rc8 56. Rg8 Rc6 57. h8=Q Ke7+ 58. Kg5 Rc5+ 59. f5 Kd7 60. Qd4+ 1-0

[Event "*** Titled Tuesday 3|2 Blitz"]
[Site "Chess.com"]
[Date "2017.03.07"]
[Round "3"]
[White "Saitama_Hero"]
[Black "mwpchess"]
[Result "0-1"]
[WhiteElo "2221"]
[BlackElo "2407"]
[TimeControl "180+2"]
[EndTime "13:40:56 PST"]
[Termination "mwpchess won by resignation"]

1. d4 Nf6 2. Nf3 d5 3. c4 e6 4.
Nc3 dxc4 5. e3 a6 6. Bxc4 b5 7. Bb3 Bb7 8. Ne2 c5 9. Nf4 cxd4 10. exd4 Bb4+ 11. Bd2 Bxd2+ 12. Qxd2 Bxf3 13. gxf3 O-O 14. Rg1 Nc6 15. O-O-O Qxd4 16. Qxd4 Nxd4 17. Rxd4 e5 18.
Rd6 Ne8 19. Rd7 exf4 20. Rd4 Rc8+ 21. Kb1 g6 22. Rxf4 Kg7 23. h4 Nf6 24. Rd1 Rfd8 25. Rfd4 Rxd4 26. Rxd4 Rc6 27. Rd8 Nh5 28. Rd7 Rf6 29.
Bd5 a5 30. Ra7 Nf4 31. Be4 a4 32. Rb7 Nh3 33. Rxb5 Nxf2 34. Bd5 Rf4 35. Rb7 h5 36.
Kc2 Rxh4 37. Rxf7+ Kh6 38. Ra7 Rd4 39. Bf7 h4 40.
Ra6 h3 41. Rxg6+ Kh7 42. Rg5 Rh4 43. f4 h2 44. Bd5 h1=Q 45. Bxh1 Nxh1 46. Rf5 Ng3 47.
Rf7+ Kg6 48. Rf8 Nf5 49. b3 axb3+ 50. Kxb3 Rxf4 51. Rg8+ Kf7 52. Rc8 Ke7 53. Rc4 Rf3+ 54. Kb4 Kd7 55. a4 Nd6 56. Rc3 Rf4+ 57. Ka5 Rd4 58.
Rc5 Nb7+ 59. Kb6 0-1

[Event "*** Titled Tuesday 3|2 Blitz"]
[Site "Chess.com"]
[Date "2017.03.07"]
[Round "3"]
[White "Fandorine"]
[Black "David_Klein"]
[Result "1-0"]
[WhiteElo "2617"]
[BlackElo "2430"]
[TimeControl "180+2"]
[EndTime "13:40:58 PST"]
[Termination "Fandorine won by resignation"]

1. e4 e5 2. Bc4 Nf6 3. d3 Nc6 4. Nc3 Na5 5. Nge2 c6 6. a3 Nxc4 7.
dxc4 d6 8. Qd3 Be7 9. O-O O-O 10. h3 Be6 11. Rd1 Re8 12. b3 Qc7 13. a4 Rad8 14. Ba3 d5 15. Bxe7 Qxe7 16. exd5 cxd5 17. cxd5 Nxd5 18.
Nxd5 Rxd5 19. Qe3 a6 20. Rxd5 Bxd5 21. Rd1 Bc6 22. Nc3 h6 23. Nd5 Qd6 24. c4 Qg6 25. Qd3 Qg5 26. a5 e4 27. Qe3 Qe5 28.
b4 Ba4 29. Rd2 Qa1+ 30. Kh2 Bc6 31. Nc3 Qf1 32. Rd4 f5 33. Ne2 Qe1 34. c5 Kh7 35. Ng3 Qxe3 36. fxe3 g6 37. Kg1 Re6 38. h4 Rf6 39.
Ne2 g5 40. hxg5 hxg5 41. Kf2 Kg6 42. Nc3 Re6 43. Rd8 f4 44. Ne2 Kf5 45. Nd4+ Ke5 46. Nxe6 Kxe6 47. Rd6+ Kf5 48. Rd8 Ke5 49. Ke2 Kf5 50. Kf2 Kg4 51. Rd1 Kf5 52. Rh1 Kg4 53. Rh8 Bd5 54. Rh6 Bc6 55. Rxc6 bxc6 56. b5 cxb5 57. c6 fxe3+ 58. Kxe3 Kg3 59. c7 Kxg2 60.
c8=Q g4 61. Qxg4+ 1-0

[Event "*** Titled Tuesday 3|2 Blitz"]
[Site "Chess.com"]
[Date "2017.03.07"]
[Round "3"]
[White "chessdude"]
[Black "denizozen"]
[Result "0-1"]
[WhiteElo "2426"]
[BlackElo "2472"]
[TimeControl "180+2"]
[EndTime "13:41:04 PST"]
[Termination "denizozen won by resignation"]

1. e4 e6 2. d4 d5 3. Nd2 c5 4. Ngf3 cxd4 5. exd5 Qxd5 6. Bc4 Qd6 7.
O-O Nf6 8. Nb3 Nc6 9. Nbxd4 Nxd4 10. Nxd4 a6 11. a4 Qc7 12. b3 Bd6 13. Nf3 O-O 14. Bb2 e5 15. h3 e4 16. Ng5 Bh2+ 17. Kh1 Be5 18. Bxe5 Qxe5 19. Nxf7 Rxf7 20. Qd8+ Qe8 21. Qxe8+ Nxe8 22. Rad1 Bf5 23. g4 Bg6 24. Rd7 b5 25.
Bd5 Nf6 26. Bxf7+ Bxf7 27. Rd6 bxa4 28. bxa4 h6 29. Kg2 Rc8 30. Re1 Rxc2 31. Rxa6 Bd5 32.
Kg3 e3 33. Rxe3 Ne4+ 34. Kf4 Nxf2 35. Ke5 Bg2 36. Kd6 Bxh3 37. Ra8+ Kh7 38. Ra7 Rd2+ 39. Kc5 Bxg4 40. Ree7 h5 41. Rxg7+ Kh6 42. a5 Ne4+ 43. Kb4 Be6 44. a6 Rb2+ 45. Ka5 Nd6 46. Rgc7 Rb5+ 47.
Ka4 Bb3+ 48. Ka3 Nc4+ 49. Rxc4 Bxc4 50. Rc7 Bd5 51. a7 h4 52. Ka4 Rb1 53. Ka5 h3 54. Rd7 Ra1+ 55. Kb6 Bg2 56. Rd8 Kg7 57. Rd7+ Kg6 58.
Rd8 Kg5 59. Rg8+ Kf4 60. Rf8+ Kg3 61. Rg8+ Kf2 62. Rf8+ Kg1 0-1

[Event "*** Titled Tuesday 3|2 Blitz"]
[Site "Chess.com"]
[Date "2017.03.07"]
[Round "3"]
[White "rithwik2002"]
[Black "rpragchess"]
[Result "0-1"]
[WhiteElo "1788"]
[BlackElo "1568"]
[TimeControl "180+2"]
[EndTime "13:41:04 PST"]
[Termination "rpragchess won by resignation"]

1. d4 Nf6 2. c4 g6 3. f3 Nh5 4.
Nc3 e5 5. g3 Bg7 6. d5 f5 7.
Nh3 O-O 8. Bg2 d6 9. O-O f4 10.
g4 Nf6 11. Nf2 Nfd7 12. e3 Nc5 13. b4 Ncd7 14. Bd2 a5 15. a3 Na6 16. Qb3 Kh8 17. Nce4 Nf6 18. exf4 exf4 19. Bc3 Bd7 20. Rae1 Kg8 21.
g5 Nxe4 22. Nxe4 Bf5 23. Bxg7 Kxg7 24. Qc3+ Kf7 25. h4 Re8 26. Nf6 Rxe1 27. Rxe1 Qh8 28. c5 Qd8 29. Ne8 Qxe8 30. Rxe8 Rxe8 31. Qf6+ Kg8 32.
cxd6 cxd6 33. Qxd6 Bd3 34. Qxf4 Re1+ 35. Kf2 Re2+ 36.
Kg3 Bf5 37. b5 Nc5 38. Qb8+ Kg7 39. Qc7+ Nd7 40. d6 b6 41. Qc6 Re5 42. Qc3 Kf7 43. f4 Rc5 44. Qd4 Nf8 45. Bd5+ Ke8 46. Qe5+ Be6 47.
Bc6+ Kf7 48. Qf6+ Kg8 49. h5 Rf5 50. Qe7 Rf7 51. Qd8 gxh5 52. Qxb6 Ng6 53. Qb8+ Kg7 54. Qd8 h4+ 55. Kh2 Rxf4 56. d7 Rf2+ 57. Kg1 Rd2 58.
Qe7+ Nxe7 0-1

[Event "*** Titled Tuesday 3|2 Blitz"]
[Site "Chess.com"]
[Date "2017.03.07"]
[Round "3"]
[White "GMCanty"]
[Black "vpantev"]
[Result "1-0"]
[WhiteElo "2344"]
[BlackElo "2450"]
[TimeControl "180+2"]
[EndTime "13:41:08 PST"]
[Termination "GMCanty won on time"]

1. e4 c6 2. d4 d5 3. exd5 cxd5 4.
Bd3 Nf6 5. c3 Nc6 6. Bf4 Bg4 7.
Qb3 Na5 8. Qa4+ Bd7 9. Qc2 Qb6 10. a4 Rc8 11. Nd2 e6 12. Ngf3 Be7 13. O-O O-O 14. Ne5 Qd8 15. Bg5 h6 16. Bh4 Nc6 17. Qd1 Nxe5 18. dxe5 Nh7 19. Bg3 Re8 20. Qh5 Rf8 21.
f4 Be8 22. f5 f6 23. Qe2 fxe5 24. Qxe5 Bf6 25. Qxe6+ Bf7 26. Qd6 d4 27. c4 a5 28.
b3 Be7 29. Qe5 Nf6 30. Ne4 Re8 31. Qf4 b6 32. Rae1 Nxe4 33. Bxe4 Bf6 34. Bd3 Qd7 35.
Bf2 Rcd8 36. h4 Rxe1 37. Rxe1 Re8 38. g4 Rxe1+ 39. Bxe1 Qe7 40. Qf2 Qe5 41. Qg3 Qe7 42. Kg2 Be8 43. Bf2 Bc6+ 44. Kg1 Ba8 45. g5 Qb7 46. Kf1 hxg5 47. hxg5 Qh1+ 48. Ke2 Qh5+ 49. Kd2 Bxg5+ 50. Kc2 Bf3 51. Qb8+ Kh7 52. f6+ g6 53. Qf8 Qh6 54. Qf7+ Kh8 55. Bxd4 Bc1 56. Qg7+ Qxg7 57. fxg7+ Kg8 58. Kxc1 g5 59. Bf5 1-0

[Event "*** Titled Tuesday 3|2 Blitz"]
[Site "Chess.com"]
[Date "2017.03.07"]
[Round "3"]
[White "VerdeNotte"]
[Black "daro94"]
[Result "1/2-1/2"]
[WhiteElo "2547"]
[BlackElo "2684"]
[TimeControl "180+2"]
[EndTime "13:41:09 PST"]
[Termination "Game drawn by repetition"]

1. e4 c5 2. Nf3 d6 3. Bb5+ Nd7 4. O-O a6 5. Bd3 Ngf6 6. c3 b5 7. Bc2 Bb7 8. Qe2 e5 9. d4 Be7 10. Re1 O-O 11. Nbd2 Re8 12. d5 c4 13. b3 cxb3 14. axb3 Qc7 15. Bb2 Rec8 16. b4 Nb6 17. Ra5 Bd8 18. Rea1 Qe7 19. R5a3 g6 20. Bd3 Nfd7 21.
c4 Na4 22. cxb5 axb5 23. Nb3 Nxb2 24. Rxa8 Bxa8 25. Qxb2 Bb6 26. Bxb5 Nf6 27. Nbd2 Ng4 28. Rf1 Qa7 29. Nc4 Qb8 30. Nxb6 Qxb6 31. Bd7 Rc4 32. Bxg4 Rxe4 33. Qa2 Bb7 34. Bd7 Rxb4 35. h3 Rb2 36. Qc4 Kg7 37. Qc1 Ba6 38. Qe3 Bxf1 39.
Qxb6 Rxb6 40. Kxf1 Rb2 41. h4 h6 42. g4 Kf6 43. g5+ hxg5 44. hxg5+ Ke7 45. Bc6 Rb4 46. Ke2 Rg4 47. Ke3 e4 48. Nd2 Rxg5 49. Nxe4 Rg1 50.
f4 Re1+ 51. Kf3 Rf1+ 52. Kg3 f5 53. Ng5 Kf6 54. Nf3 Ra1 55. Bd7 Ra3 56. Be6 Rd3 57.
Kf2 Ra3 58. Ng5 Ra2+ 59. Kg3 Ra3+ 60. Nf3 Rb3 61. Bd7 Ra3 62. Kf2 Rb3 63. Be6 Ra3 64. Ng5 Ra2+ 65. Kg3 Ra3+ 66. Kg2 Ra2+ 67. Kf3 Ra3+ 68.
Kf2 Ra2+ 69. Kg3 Ra3+ 1/2-1/2

[Event "*** Titled Tuesday 3|2 Blitz"]
[Site "Chess.com"]
[Date "2017.03.07"]
[Round "3"]
[White "danyuffa"]
[Black "Lupul_Cenusiu"]
[Result "0-1"]
[WhiteElo "2520"]
[BlackElo "2415"]
[TimeControl "180+2"]
[EndTime "13:41:09 PST"]
[Termination "Lupul_Cenusiu won by resignation"]

1. d4 Nf6 2. c4 c5 3. d5 g6 4. Nc3 Bg7 5. Nf3 O-O 6. e4 e6 7. Bg5 h6 8. Bh4 d6 9. Nd2 Re8 10. Be2 b6 11. O-O exd5 12. cxd5 Ba6 13.
Re1 Bxe2 14. Rxe2 a6 15. a4 g5 16. Bg3 Nh5 17. Nc4 Nxg3 18. hxg3 Ra7 19. Qc2 Rb7 20. Ne3 b5 21. axb5 axb5 22. Nf5 b4 23. Nd1 b3 24. Qd3 Rb4 25. Nde3 Bf8 26. Nc4 Qf6 27. Ra7 Rd8 28. g4 Nd7 29. Nce3 Ne5 30. Qa6 Rxe4 31. f3 Rb4 32. Qa5 Rbb8 33. Ng3 Ng6 34. Nef5 Nf4 35. Re1 Qxb2 36. Ne3 Rbc8 37. Rb7 c4 38.
Qa7 Qd2 39. Rd1 Qc3 40. Rxf7 Ra8 41. Rxf8+ Rxf8 42. Qb6 Rab8 43. Qa7 Ra8 44. Qb6 Rfb8 45. Qxd6 Qxe3+ 46. Kh2 Qb6 47. Qe5 Re8 48. Qf5 Qg6 49. Qd7 Rad8 50. Qb5 c3 51. Nf5 c2 52. Rc1 Rb8 53. Qc4 b2 54. d6+ Kf8 55. Qxc2 bxc1=Q 56. Qxc1 Qf6 57. Qc4 Red8 58. Qc7 Rbc8 59. Qh7 Rc2 60. Ne7 Rxg2+ 61. Kh1 Qa1+ 0-1

[Event "*** Titled Tuesday 3|2 Blitz"]
[Site "Chess.com"]
[Date "2017.03.07"]
[Round "3"]
[White "Rock700chess"]
[Black "RamonManon0g"]
[Result "1-0"]
[WhiteElo "2253"]
[BlackElo "2307"]
[TimeControl "180+2"]
[EndTime "13:41:22 PST"]
[Termination "Rock700chess won by resignation"]

1. e4 c5 2. d4 cxd4 3. c3 dxc3 4.
Nxc3 e6 5. Nf3 Nc6 6. Bc4 Bb4 7. O-O Nge7 8. Qe2 O-O 9. Rd1 Bxc3 10. bxc3 d5 11.
exd5 exd5 12. Bd3 Ng6 13. Ba3 Re8 14. Qd2 Bg4 15. Bxg6 hxg6 16. Qxd5 Qf6 17. Re1 Qxc3 18. Qc5 Qxc5 19. Bxc5 Bxf3 20. gxf3 Ne5 21. Kg2 Nd3 22.
Rxe8+ Rxe8 23. Bxa7 Re2 24. Rb1 Rxa2 25. Rxb7 Ne1+ 26.
Kg3 Ra3 27. Be3 Nc2 28. Rb8+ Kh7 29. Re8 f6 30. f4 Nd4 31. Kg4 Nf5 32. Kf3 Nd4+ 33.
Ke4 Nf5 34. Kf3 Ra1 35. Rb8 Rh1 36. Kg2 Re1 37. Kf3 Ra1 38. Rb7 Ra3 39. h3 Ra2 40. Rd7 Ra3 41. Rb7 Nh4+ 42. Kg3 Nf5+ 43. Kf3 Nd6 44.
Rc7 f5 45. Rd7 Ne4 46. Rd8 g5 47. fxg5 Nxg5+ 48. Kg2 Nxh3 49. Bc1 Rb3 50. f3 Rc3 51. Bd2 Rb3 52. Kxh3 Rxf3+ 53. Kh4 Rf2 54. Kg5 Rf1 55. Bf4 Rf2 56. Be3 Rf3 57. Bd4 Rf1 58. Rd7 Rg1+ 59. Bxg1 f4 60. Bd4 f3 61. Rxg7+ Kh8 62. Rf7+ Kg8 63.
Rxf3 1-0

[Event "*** Titled Tuesday 3|2 Blitz"]
[Site "Chess.com"]
[Date "2017.03.07"]
[Round "3"]
[White "Keranke"]
[Black "Gabix_94"]
[Result "1-0"]
[WhiteElo "2731"]
[BlackElo "2514"]
[TimeControl "180+2"]
[EndTime "13:41:23 PST"]
[Termination "Keranke won by resignation"]

1. d4 Nf6 2. Bf4 g6 3. h3 Bg7 4. Nf3 O-O 5. e3 b6 6. Nbd2 Bb7 7. Be2 c5 8. O-O Nc6 9. c3 d5 10. a4 Nd7 11. Qb3 e6 12. Bd6 c4 13. Qa3 Re8 14. b3 cxb3 15. Nxb3 Nf6 16. c4 Ne4 17. Bh2 dxc4 18. Bxc4 Ng5 19. Be2 Bf8 20. Qb2 Nb4 21. Ne5 Bd6 22. Nd2 f6 23. Ng4 Nd5 24. Bxd6 Qxd6 25.
e4 f5 26. Nc4 Qf8 27. exd5 fxg4 28. Bxg4 Bxd5 29. Ne3 Be4 30. a5 Rab8 31. Qb5 Bf5 32. Rfc1 h5 33. Bxf5 gxf5 34. Rc7 Qd6 35. Rd7 Qf4 36.
Qe5 Qxe5 37. dxe5 bxa5 38. Rxa5 Ne4 39. Raxa7 Rb1+ 40. Kh2 f4 41. Rg7+ Kh8 42. Rh7+ Kg8 43. Rag7+ Kf8 44. Rf7+ Kg8 45. Rhg7+ Kh8 46. Rxf4 Kxg7 47.
Rxe4 Rf8 48. f3 Rd8 49. Kg3 Rd2 50. Kh4 Re2 51. Kxh5 Kf7 52. Kg4 Rb3 53. Kf4 Rb8 54. g4 Rf8 55. Kg3 Kg6 56. h4 Rd8 57. h5+ Kg5 58.
f4+ Kh6 59. Kf3 Ra2 60. Rc4 Rdd2 61. Rc6 Rf2+ 62. Ke4 Ra4+ 63. Nc4 Kg7 64. g5 Rh2 65. h6+ Kf7 66. Kd4 Rf2 67. Ke3 Rc2 68. Nd6+ Kg6 69.
Rxc2 Ra3+ 70. Ke4 Kh5 71. h7 Ra4+ 1-0

[Event "*** Titled Tuesday 3|2 Blitz"]
[Site "Chess.com"]
[Date "2017.03.07"]
[Round "3"]
[White "GGuseinov"]
[Black "ChadaevNikolay"]
[Result "1-0"]
[WhiteElo "2595"]
[BlackElo "2628"]
[TimeControl "180+2"]
[EndTime "13:41:28 PST"]
[Termination "GGuseinov won by checkmate"]

1. e4 c6 2. d4 d5 3. Nd2 dxe4 4.
Nxe4 Bf5 5. Ng3 Bg6 6. h4 h6 7. Nf3 Nd7 8. h5 Bh7 9. Bd3 Bxd3 10. Qxd3 e6 11. Bd2 Ngf6 12. O-O-O Be7 13. Ne4 Nxe4 14. Qxe4 Nf6 15. Qd3 Ng4 16. Qe2 Qd5 17. c4 Qf5 18. Ne1 Bg5 19. f3 Bxd2+ 20. Qxd2 Nf6 21. Nd3 Rd8 22. Ne5 Qg5 23. f4 Qf5 24. Rh4 c5 25. g4 Qe4 26. d5 Nxd5 27. Re1 Qxf4 28. cxd5 Qxd2+ 29. Kxd2 Rxd5+ 30. Kc2 Ke7 31. Rh3 Rc8 32.
Rb3 Rc7 33. Re2 f6 34. Ng6+ Kf7 35. Rbe3 e5 36. Rf3 Ke8 37. g5 hxg5 38. h6 gxh6 39.
Rxf6 Rf7 40. Re6+ Kd7 41. R6xe5 Rd6 42. Ne7 b6 43. Nf5 Rdf6 44. Ne3 Kc6 45. Ng4 Rf4 46. Nxh6 Rc4+ 47. Kd2 Rd7+ 48. Ke3 Rc1 49. Rxg5 a5 50.
Rg6+ Kb5 51. Nf5 a4 52. Nd6+ Ka5 53. Ke4 Re7+ 54. Kd3 Rxe2 55. Kxe2 b5 56. Nb7+ Kb4 57. Rg4+ c4 58. Rg3 Rc2+ 59. Kd1 Rxb2 60. a3# 1-0